 Dungeon Crawl Stone Soup version 0.30-a0-723-gc1506a1cf0 (webtiles) character file.

Game seed: 16817887732690155133

38 jimonade the Sneak (level 3, -2/18 HPs)
             Began as a Vine Stalker Brigand on Jan 29, 2023.
             Slain by a gnoll
             ... wielding a +2 whip of venom
              (5 damage)
             ... on level 2 of the Dungeon.
             The game lasted 00:02:12 (1378 turns).

jimonade the Sneak (Vine Stalker Brigand)           Turns: 1378, Time: 00:02:13

Health: -2/18      AC:  3    Str: 13    XL:     3   Next: 43%
Magic:  0/4        EV: 11    Int: 11    God:
Gold:   70         SH:  0    Dex: 17    Spells: 2/2 levels left

rFire   . . .      SeeInvis .    a - +2 dagger
rCold   . . .      Faith    .    (no shield)
rNeg    . . .      Spirit   +    b - +0 robe
rPois   .          Reflect  .    (no helmet)
rElec   .          Harm     .    c - +0 cloak
rCorr   +          Rampage  .    (no gloves)
Will    .....                    (no boots)
Stlth   +++                      (no amulet)
HPRegen 0.23/turn                i - ring of resist corrosion
MPRegen 0.09/turn                (no ring)

@: lethally poisoned (-2 -> -11)
A: fangs 2, magic shield, antimagic bite, no potion heal 2
a: no special abilities


You were on level 2 of the Dungeon.
You visited 1 branch of the dungeon, and saw 2 of its levels.

You collected 70 gold pieces.

Inventory:

Hand Weapons
 a - a +2 dagger (weapon)
 r - a +0 rapier
Missiles
 d - 9 poisoned darts (quivered)
 e - 3 curare-tipped darts
Armour
 b - a +0 robe (worn)
 c - a +0 cloak (worn)
 f - a +0 leather armour
 g - a +0 ring mail
Magical Staves
 h - a staff of fire
Jewellery
 i - a ring of resist corrosion (left hand)
Scrolls
 k - a scroll of poison {unknown}
 l - 2 scrolls of identify {unknown}
 m - a scroll of fog {unknown}
 o - 4 scrolls of teleportation {unknown}
 p - a scroll of fear {unknown}
Potions
 j - a potion of ambrosia {unknown}
 n - a potion of brilliance {unknown}
 q - 2 potions of might {unknown}
 s - a potion of haste {unknown}
 t - a potion of attraction {unknown}


   Skills:
 - Level 1.7 Fighting
 * Level 2.3 Short Blades
 - Level 1.7 Throwing
 - Level 0.7 Dodging
 + Level 6.0 Stealth


You had 2 spell levels left.
You didn't know any spells.
Your spell library was empty.

Dungeon Overview and Level Annotations

Branches:
Dungeon (2/15)

Altars:


Innate Abilities, Weirdness & Mutations

You have extremely sharp teeth.
When hurt, damage is shared between your health and your magic reserves.
Your bite disrupts and absorbs the magic of your enemies.
Potions cannot restore your health.


Message History

You open the door.
Found a robe.
A kobold comes into view. It is wielding a +0 dagger.
You see here a +0 rapier.
r - a +0 rapier A kobold is nearby!
The kobold shouts!
The kobold hits you but does no damage.
You hit the kobold.
The kobold is moderately wounded.
You closely miss the kobold. Your bite misses the kobold.
The kobold is moderately wounded.
The kobold closely misses you.
You hit the kobold.
You kill the kobold!
No target in view!
There is an open door, spattered with blood here.
Things that are here:
a +0 dagger; a kobold corpse
s - a green potion
t - a purple potion You now have 70 gold pieces (gained 11).
As you open the door, it creaks loudly!
A gnoll comes into view. It is wielding a +2 whip of venom.
A gnoll is nearby!
Found a club.
There is an open door here.
You closely miss the gnoll. Your bite misses the gnoll.
The gnoll hits you with a +2 whip of venom.
You hit the gnoll. Your bite misses the gnoll.
The gnoll is lightly wounded.
The gnoll hits you with a +2 whip of venom!
You are lethally poisoned!
You are too injured to fight recklessly!
You hit the gnoll.
The gnoll is moderately wounded.
* * * LOW HITPOINT WARNING * * *
You feel very sick.
The gnoll hits you with a +2 whip of venom.
You die...

#
#.###.....###.....###..#
###### # #.#
##.....###.....##..#
#<.... # #.#
##.....###.....#..#
#..#.# ###.#
##.....###....#..###.###.
..#.+
##.....###...'.......#.#
#.#.#
###)######..#...##.#.##
#.#†#
#.....#)###.#....#.###
#...#
#.....#..####...##.#
#...# +.[...@g..#
#..###.. #.#.###
#.....#....##..# ###
#...#.## #.....#.....#..#
###.#..##
###+####....#.+# #.+...##
#...+...## ###.#....##
#..#....## ....#.....##
#.#.....## #
....##.....##
##..>...####
....###.....#
##......'...


You could see a gnoll.

Vanquished Creatures
  A worm (D:2)
  2 dart slugs (D:1)
  A ball python (D:1)
  3 endoplasms
  5 hobgoblins
  6 kobolds
  A quokka (D:2)
  5 frilled lizards
  3 goblins (D:1)
  3 rats
30 creatures vanquished.

Notes
Turn   | Place    | Note
-------+----------+-------------------------------------------
     0 | D:1      | jimonade the Vine Stalker Brigand began the quest for the
                  | Orb.
     0 | D:1      | Reached XP level 1. HP: 11/11 MP: 2/2
   154 | D:1      | Reached skill level 5 in Stealth
   259 | D:1      | Reached XP level 2. HP: 15/15 MP: 1/3
  1077 | D:2      | Reached XP level 3. HP: 18/18 MP: 4/4
  1286 | D:2      | Reached skill level 6 in Stealth
  1378 | D:2      | Slain by a gnoll

Illustrated notes

Levels and vault maps discovered:
D:1:      shiori_shiawase, layout_loops_corners, kennysheep_pointless_box
D:2:      layout_loops_corners, basic_altar, minmay_quadrilaterals

Skill      XL: |  1  2  3 |
---------------+----------+-----
Stealth        | 5 6 |  6.0
Short Blades   | 2 |  2.3
Fighting       | |  1.7
Throwing       | |  1.7
Dodging        | |  0.7

Action                     || total
---------------------------++-------
  Melee: Dagger            ||    56
         Bite              ||     6
   Stab: Sleeping          ||    16
 Armour: Robe              ||     9
  Dodge: Dodged            ||    11

Table legend: (Time is in decaauts)
 A = Elapsed time spent in this place.
 B = Non-inter-level travel time spent in this place.
 C = Inter-level travel time spent in this place.
 D = Time resting spent in this place.
 E = Time spent auto-exploring this place.
 F = Levels seen in this place.
 G = Mean time per level.
                   A        B        C        D        E       F      G
               +--------+--------+--------+--------+--------+-----+--------+
         Total |   1371 |   1337 |     34 |      0 |   1086 |   2 |  685.5 |
       Dungeon |   1371 |   1337 |     34 |      0 |   1086 |   2 |  685.5 |
               +--------+--------+--------+--------+--------+-----+--------+

Top non-repeatable levels by time:
     D:1: 959 daAuts
     D:2: 412 daAuts
